 Dungeon Crawl Stone Soup version 0.25-a0-253-g6f1b5d974a (webtiles) character file.

Game seed: 1626954812029268000, levelgen mode: deterministic

84 night the Firebug (level 4, -1/30 HPs)
             Began as a Demonspawn Fire Elementalist on Dec 5, 2019.
             Slain by Crazy Yiuf
             ... wielding a +3 quarterstaff of chaos
              (6 damage)
             ... on level 3 of the Dungeon.
             The game lasted 00:04:16 (2081 turns).

night the Firebug (Demonspawn Fire Elementalist)    Turns: 2081, Time: 00:04:17

Health: -1/30      AC:  3    Str:  8    XL:     4   Next: 23%
Magic:  5/8        EV: 12    Int: 18    God:
Gold:   140        SH:  0    Dex: 13    Spells: 7/8 levels left

rFire    . . .     SeeInvis .   u - +0 dagger (venom)
rCold    . . .     Gourm    .   (no shield)
rNeg     . . .     Faith    .   a - +0 robe
rPois    .         Spirit   .   o - +0 helmet
rElec    .         Reflect  .   (no cloak)
rCorr    .         Harm     .   (no gloves)
MR       .....                  (no boots)
Stlth    +++.......             (no amulet)
HPRegen  0.10/turn              (no ring)
MPRegen  0.11/turn              (no ring)

@: hasted, very quick
A: nightstalker 1, rot immunity
a: no special abilities


You were on level 3 of the Dungeon.
You were not hungry.

You visited 1 branch of the dungeon, and saw 3 of its levels.

You collected 140 gold pieces.

Inventory:

Hand Weapons
 u - a +0 dagger of venom (weapon)
Missiles
 e - 130 stones (quivered)
 i - 18 bolts
 m - 81 arrows
 t - 3 atropa-tipped darts
Armour
 a - a +0 robe (worn)
 o - a +0 helmet (worn)
Scrolls
 b - 3 scrolls of magic mapping {unknown}
 f - 2 scrolls of identify {unknown}
 g - 6 scrolls of remove curse {unknown}
 h - 2 scrolls of enchant weapon {unknown}
 k - 2 scrolls of blinking {unknown}
 p - a scroll of teleportation {unknown}
 s - a scroll of fear {unknown}
Potions
 d - a potion of brilliance {unknown}
 j - a potion of berserk rage {unknown}
 l - a potion of resistance {unknown}
 n - a potion of might {unknown}
 q - a potion of heal wounds {unknown}
 r - a potion of lignification {unknown}
Comestibles
 c - 3 rations


   Skills:
 - Level 1.7 Dodging
 - Level 1.7 Stealth
 + Level 2.9 Spellcasting
 + Level 2.4 Conjurations
 + Level 3.4 Fire Magic


You had 7 spell levels left.
You knew the following spells:

 Your Spells              Type           Power        Failure   Level  Hunger
a - Foxfire               Conj/Fire      ##..         4%          1    None

Your spell library contained the following spells:

 Spells                   Type           Power        Failure   Level  Hunger
 Conjure Flame            Conj/Fire      ##......     14%         3    ###....
 Inner Flame              Hex/Fire       #.......     24%         3    ###....
 Sticky Flame             Conj/Fire      ##......     43%         4    ####...
 Fireball                 Conj/Fire      ##........   80%         5    ######.


Dungeon Overview and Level Annotations

Branches:
Dungeon (3/15)

Altars:
Ru

Annotations:
D:3 Crazy Yiuf


Innate Abilities, Weirdness & Mutations

You are slightly more attuned to the shadows.
You are immune to rotting.


Message History

Crazy Yiuf freezes you.
The foxfire hits Crazy Yiuf but does no damage.
Crazy Yiuf is moderately wounded.
The foxfire hits Crazy Yiuf.
Crazy Yiuf is moderately wounded.
Crazy Yiuf hits you with a +3 quarterstaff of chaos!
You feel yourself speed up.
Casting: Foxfire (safe; 4% risk of failure)
Confirm with . or Enter, or press ? or * to list all spells.
You conjure some foxfire!
Crazy Yiuf hits you with a +3 quarterstaff of chaos!
* * * LOW HITPOINT WARNING * * *
Crazy Yiuf freezes you.
* * * LOW HITPOINT WARNING * * *
The foxfire hits Crazy Yiuf.
Crazy Yiuf is heavily wounded.
The foxfire hits Crazy Yiuf but does no damage.
Crazy Yiuf is heavily wounded.
Crazy Yiuf hits you with a +3 quarterstaff of chaos.
You die...

########## .........#
.....###.# ###### ### #
# ♣♣♣♣♣### # ###
♣♣♣.♣....### #
#...#♣..♣.......#
#...'.♣♣♣♣.♣.g@.#
#)..#♣♣ ♣♣....§### ###
♣♣####..# #..# ###..#
################..#.#
........#.##........###
........+..............
........####...#.#######


You could see Crazy Yiuf.

Vanquished Creatures
  A bullfrog skeleton (D:2)
  2 adders
  A dart slug (D:1)
  4 leopard geckos
  4 bats
  A giant cockroach (D:1)
  3 hobgoblins
  2 ball pythons
  4 frilled lizards
  7 goblins
  3 kobolds
  3 rats
35 creatures vanquished.

Vanquished Creatures (others)
  88 foxfires
88 creatures vanquished.

Grand Total: 123 creatures vanquished

Notes
Turn   | Place    | Note
-------+----------+-------------------------------------------
     0 | D:1      | night the Demonspawn Fire Elementalist began the quest for
                  | the Orb.
     0 | D:1      | Reached XP level 1. HP: 13/13 MP: 3/3
   214 | D:1      | Gained mutation: You are immune to rotting. [demonic
                  | ancestry]
   214 | D:1      | Reached XP level 2. HP: 19/19 MP: 3/5
   441 | D:1      | Reached skill level 3 in Fire Magic
  1033 | D:2      | Reached XP level 3. HP: 24/24 MP: 3/6
  1060 | D:2      | Found a faded altar of an unknown god.
  1384 | D:2      | Found a sacrificial altar of Ru.
  1530 | D:2      | Gained mutation: You are slightly more attuned to the
                  | shadows. [demonic ancestry]
  1530 | D:2      | Reached XP level 4. HP: 30/30 MP: 6/8
  2062 | D:3      | Found a runed translucent door.
  2063 | D:3      | Noticed Crazy Yiuf
  2081 | D:3      | Slain by Crazy Yiuf

Levels and vault maps discovered:
D:1:      dpeg_arrival_solitude, layout_loops_ring, serial_bayou_lake_a
D:2:      layout_rooms, lemuel_doored_altar, chequers_ecumenical_altar_simple
D:3:      layout_loops_corners, ebering_ghost_disaster_area,
          uniq_crazy_yiuf_cottage

Skill      XL: |  1  2  3 |
---------------+----------+-----
Fire Magic     | 3 |  3.4
Conjurations   | 2 |  2.4
Dodging        | |  1.7
Stealth        | |  1.7
Spellcasting   | |  2.9

Action                   |  1- 3 |  4- 6 || total
-------------------------+-------+-------++-------
Melee: Unarmed           |     6 |       ||     6
 Cast: Foxfire           |    38 |    16 ||    54
  Eat: Chunk             |     2 |     2 ||     4
Armor: Robe              |     6 |     1 ||     7
Dodge: Dodged            |    26 |     5 ||    31

Table legend:
 A = Non-vault XP
 B = Vault XP
 C = Vault XP percentage of total XP
 D = Non-vault monster count
 E = Vault monster count
 F = Vault count percentage of total count
                 A         B        C        D         E       F
            +---------+---------+-------+---------+---------+-------
      Total |     120 |       0 |   0.0 |      35 |       0 |   0.0
            +---------+---------+-------+---------+---------+-------
        D:1 |      29 |       0 |   0.0 |      15 |       0 |   0.0
        D:2 |      71 |       0 |   0.0 |      12 |       0 |   0.0
        D:3 |      20 |       0 |   0.0 |       8 |       0 |   0.0
            +---------+---------+-------+---------+---------+-------
